 Dungeon Crawl Stone Soup version 0.19.1 (webtiles) character file.

118 CanadianGator the Ruffian (level 4, -5/36 HPs)
             Began as a Minotaur Transmuter on Dec 8, 2016.
             Slain by CanadianGator's ghost (6 damage)
             ... on level 3 of the Dungeon.
             The game lasted 00:05:30 (2159 turns).

CanadianGator the Ruffian (Minotaur Transmuter)     Turns: 2159, Time: 00:05:31

Health: -5/36      AC:  2    Str: 19    XL:     4   Next: 72%
Magic:  4/5        EV: 13    Int: 10    God:
Gold:   119        SH:  0    Dex: 12    Spells: 1 memorised, 4 levels left

rFire  . . .     SeeInvis .       - Unarmed
rCold  . . .     Gourm    .     b - +0 robe
rNeg   . . .     Faith    .     (no shield)
rPois  .         Spirit   .     (helmet restricted)
rElec  .         Reflect  .     (no cloak)
rCorr  .         Harm     .     (no gloves)
MR     .....     Rnd*Tele +     (no boots)
Stlth  +.........               (no amulet)
                                (no ring)
                                o - ring of teleportation (curse)

@: mighty
A: retaliatory headbutt, horns 2
a: no special abilities


You were on level 3 of the Dungeon.
You were not hungry.

You visited 1 branch of the dungeon, and saw 3 of its levels.

You collected 119 gold pieces.

Inventory:

Missiles
 a - 68 arrows
Armour
 b - a +0 robe (worn)
Jewellery
 o - a cursed ring of teleportation (left hand)
Wands
 t - a wand of lightning (5/15)
Scrolls
 m - a scroll of enchant weapon {unknown}
 n - 2 scrolls of identify {unknown}
 p - a scroll of enchant armour {unknown}
 r - a scroll of fog {unknown}
Potions
 e - a potion of flight {unknown}
 f - a potion of resistance {unknown}
 h - a potion of agility {unknown}
 i - a potion of lignification {unknown}
 j - 3 potions of might
 k - a potion of berserk rage {unknown}
 l - a potion of haste {unknown}
 s - a potion of curing {unknown}
Books
 c - a book of Changes

   Spells                             Type                      Level
   a - Beastly Appendage              Transmutation                1
   b - Sticks to Snakes               Transmutation                2
   c - Spider Form                    Transmutation/Poison         3
   d - Ice Form                       Ice/Transmutation            4
   e - Blade Hands                    Transmutation                5
Comestibles
 d - 2 bread rations
 g - 8 fruits
 q - 2 meat rations


   Skills:
 + Level 2.0 Fighting
 + Level 1.7 Armour
 * Level 3.2 Dodging
 * Level 4.1 Unarmed Combat
 + Level 1.4 Spellcasting
 * Level 2.1 Transmutations
 + Level 0.5 Evocations


You had 4 spell levels left.
You knew the following spells:

 Your Spells              Type           Power        Failure   Level  Hunger
a - Beastly Appendage     Tmut           #.....       14%         1    ##.....


Dungeon Overview and Level Annotations

Branches:
Dungeon (3/15)

Altars:

Annotations:
D:3 CanadianGator's ghost, amateur DsMo


Innate Abilities, Weirdness & Mutations

You reflexively headbutt those who attack you in melee.
You have a pair of horns on your head.


Message History

You hit CanadianGator's ghost.
CanadianGator's ghost is severely damaged.
CanadianGator's ghost hits you.
You hit CanadianGator's ghost. You headbutt CanadianGator's ghost.
CanadianGator's ghost is severely damaged.
CanadianGator's ghost hits you.
* * * LOW HITPOINT WARNING * * *
It was a potion of might.
You feel very mighty all of a sudden. CanadianGator's ghost hits you.
* * * LOW HITPOINT WARNING * * *
You barely miss CanadianGator's ghost.
CanadianGator's ghost is severely damaged.
CanadianGator's ghost hits you.
* * * LOW HITPOINT WARNING * * *
You punch CanadianGator's ghost!
Your headbutt misses CanadianGator's ghost.
CanadianGator's ghost is almost destroyed.
CanadianGator's ghost hits you.
You die...

#.# # #.#
...#.##.######
....s........#
...####.####.#
#.........#.#
#.####s#.##.# #.#
#W#.##.# #.#
#@#.##.# #.#
#.#.##.# #.#
#.#.##.###### #.#
#.#.........# #
#.####.####.######
#.###.#...........#
.
.........###.####.#
.. ......##.# #.#
#.# ##.#########.#
#.# #.#


You could see CanadianGator's ghost and a giant cockroach.

Vanquished Creatures
  5 adders
  2 oozes
  3 worms (D:2)
  A dart slug (D:2)
  7 goblins
  9 hobgoblins
  3 jackals (D:2)
  5 kobolds
  2 quokkas (D:2)
  2 ball pythons (D:2)
  4 bats
  3 frilled lizards
  8 rats
54 creatures vanquished.

Notes
Turn   | Place    | Note
-------+----------+-------------------------------------------
     0 | D:1      | CanadianGator the Minotaur Transmuter began the quest for the Orb.
     0 | D:1      | Reached XP level 1. HP: 16/16 MP: 1/1
   153 | D:1      | Reached skill level 1 in Armour
   153 | D:1      | Reached XP level 2. HP: 13/23 MP: 3/3
   898 | D:2      | Reached XP level 3. HP: 26/29 MP: 4/4
  1612 | D:2      | Reached skill level 4 in Unarmed Combat
  1667 | D:2      | Reached XP level 4. HP: 31/36 MP: 2/5
  2132 | D:3      | Noticed CanadianGator's ghost (amateur DsMo)
  2158 | D:3      | HP: 1/36 [CanadianGator's ghost (4)]
  2159 | D:3      | Slain by CanadianGator's ghost

Skill      XL: |  1  2  3  4 |
---------------+-------------+-----
Armour         | 1 |  1.7
Unarmed Combat | 4 |  4.1
Dodging        | 3 |  3.2
Transmutations | 2 |  2.1
Fighting       | 2 |  2.0
Spellcasting   | |  1.4
Evocations     | |  0.5

Action                   |  1- 3 |  4- 6 || total
-------------------------+-------+-------++-------
Melee: Unarmed           |   119 |    43 ||   162
       Headbutt          |    16 |     5 ||    21
       Kick              |    15 |     6 ||    21
       Punch             |     1 |       ||     1
 Cast: Beastly Appendage |    16 |     7 ||    23
  Use: Potion            |       |     1 ||     1
 Stab: Sleeping          |     2 |       ||     2
  Eat: Meat ration       |     1 |       ||     1
Armor: Robe              |    19 |     1 ||    20
Dodge: Dodged            |    55 |    27 ||    82
